 Dungeon Crawl Stone Soup version 0.28-a0-998-gb9e9c7b67e (webtiles) character file.

Game seed: 12537947111200283245

494 vurker the Gusty (level 6, 28/28 HPs)
             Began as a Felid Air Elementalist on Dec 5, 2021.
             Quit the game on level 6 of the Dungeon.
             The game lasted 00:07:10 (8690 turns).

vurker the Gusty (Felid Air Elementalist)           Turns: 8690, Time: 00:07:11

Health: 28/28      AC:  2    Str:  4    XL:     6   Next: 92%
Magic:  15/15      EV: 17    Int: 18    God:
Gold:   253        SH:  0    Dex: 17    Spells: 11/16 levels left
                                        Lives:  0   Deaths: 2

rFire   . . .      SeeInvis +   (weapon unavailable)
rCold   . . .      Faith    .   (shield unavailable)
rNeg    . . .      Spirit   .   (armour unavailable)
rPois   .          Reflect  .   (helmet unavailable)
rElec   .          Harm     .   (cloak unavailable)
rCorr   .          Rampage  .   (gloves unavailable)
Will    .....                   (boots unavailable)
Stlth   ++........              (no amulet)
HPRegen 0.09/turn               (no ring)
MPRegen 0.14/turn               (no ring)

@: quick
A: very small, claws 1, fangs 3, see invisible, speed 1, shaggy fur 2, stealthy
paws, no weapons or thrown items, no armour, multi-lived
a: no special abilities


You were on level 6 of the Dungeon.
You visited 1 branch of the dungeon, and saw 6 of its levels.

You collected 253 gold pieces.

Inventory:

Wands
 d - a wand of iceblast (27)
   (You found it on level 4 of the Dungeon)
 o - a wand of mindburst (6)
   (You found it on level 4 of the Dungeon)
 t - a wand of flame (29)
   (You found it on level 3 of the Dungeon)
Scrolls
 a - a scroll of fear {unknown}
 b - 5 scrolls of teleportation {unknown}
 c - 3 scrolls of identify {unknown}
 f - 2 scrolls of blinking {unknown}
 i - a scroll of vulnerability {unknown}
 j - a scroll of amnesia {unknown}
 m - a scroll of silence {unknown}
 n - a scroll of torment {unknown}
 p - a scroll of fog {unknown}
 q - a scroll of immolation {unknown}
 u - a scroll of enchant armour {unknown}
Potions
 e - a potion of invisibility {unknown}
 g - a potion of berserk rage {unknown}
 h - a potion of attraction {unknown}
 k - a potion of flight {unknown}
 l - a potion of heal wounds {unknown}
 r - a potion of lignification {unknown}
 s - a potion of brilliance {unknown}
 v - 2 potions of degeneration {unknown}


   Skills:
 + Level 3.9 Fighting
 - Level 2.6 Dodging
 - Level 2.6 Stealth
 * Level 5.8 Spellcasting
 - Level 3.0 Conjurations
 * Level 6.1 Air Magic


You had 11 spell levels left.
You knew the following spells:

 Your Spells              Type           Power      Damage    Failure   Level
a - Shock                 Conj/Air       84%        1d8       1%          1
c - Airstrike             Air            13%        N/A       10%         4

Your spell library contained the following spells:

 Spells                   Type           Power      Damage    Failure   Level
 Static Discharge         Conj/Air       21%        N/A       2%          2
 Magic Dart               Conj           64%        1d6       3%          1
 Swiftness                Air            27%        N/A       3%          3
 Mephitic Cloud           Conj/Pois/Air  16%        N/A       11%         3
 Call Imp                 Summ           5%         N/A       19%         2


Dungeon Overview and Level Annotations

Branches:
Dungeon (6/15)
 Temple: D:4-7

Altars:

Shops:
D:4 ([((

Annotations:
D:6 Prince Ribbit


Innate Abilities, Weirdness & Mutations

You have sharp claws.
You have razor-sharp teeth.
You have supernaturally acute eyesight. (SInv)
You cover ground quickly. (Speed+)
You are covered in thick fur. (AC +2)
Your paws help you pounce on unaware monsters.
You are incapable of wielding weapons or throwing items.
You cannot wear armour.
You gain extra lives every three experience levels.


Message History

There is an open door here.
Aim: a yak (lightly wounded, 84% to hit)
The zap hits the yak. x2
Aim: a yak (lightly wounded, 84% to hit)
The zap hits the yak but does no damage.
The zap hits the yak.
The yak bellows!
You hear a bellow!
Aim: a yak (lightly wounded, 84% to hit)
The zap hits the yak. x2
Aim: a yak (moderately wounded, 84% to hit)
The zap hits the yak.
The yak bellows!
Aim: a yak (moderately wounded, 84% to hit)
The zap hits the yak!
The zap hits the yak.
There is an open door here.
The spell is quite dangerous to miscast (10% risk of failure)!
Continue anyway? [Y]es or [N]o only, please.
The spell is quite dangerous to miscast (10% risk of failure)!
Continue anyway? [Y]es or [N]o only, please.
The spell is quite dangerous to miscast (10% risk of failure)!
Continue anyway?
Okay, then.
There is an open door here.
You see here a +0 robe.
Aim: a yak (heavily wounded, 84% to hit)
The zap hits the yak!
Aim: a yak (severely wounded, 84% to hit)
The zap hits the yak.
Aim: a yak (severely wounded, 84% to hit)
The zap hits the yak. x2; The yak barely misses you.
The yak snorts and paws the ground.
The yak gores you!
Aim: a yak (severely wounded, 84% to hit)
The zap misses the yak.
The zap hits the yak. x2
Aim: a yak (severely wounded, 84% to hit)
The zap hits the yak.
The zap hits the yak but does no damage.
The zap hits the yak. x2; The yak gores you!
* * * LOW HITPOINT WARNING * * *
There is an open door here.
The yak gores you!
* * * LOW HITPOINT WARNING * * *
There is an open door here.
Aim: a yak (severely wounded, 84% to hit)
The zap hits the yak. x3
Aim: a yak (severely wounded, 84% to hit)
The zap hits the yak. x3
The yak gores you!
You die...
You are now level 6!
You rejoin the land of the living...

............#..#........
............#..#........
............#..#....>...
............#..#........
#.............#...........
#....#####.......#########
.....#...'.......#
.....#...#[......#
.....#...#......@#####
.....###'########....#
.....#.Y.#......#....#
....YY...#......'.†..#
.....#..###..##+#....######
#....######..#....#.......#
#....#.......#....#..#....#
#....#.......#....'..#....#
#....#............#..#....#


There were no monsters in sight!

Vanquished Creatures
  A yak (D:5)
  Edmund (D:5)
  Duvessa (D:5)
  An ice beast (D:5)
  An ogre (D:4)
  Dowan (D:5)
  2 scorpions (D:5)
  A jelly (D:5)
  2 bullfrog zombies (D:5)
  2 hounds
  Ijyb (D:5)
  A bullfrog skeleton (D:5)
  A centaur skeleton (D:6)
  3 iguanas
  2 hound skeletons (D:4)
  10 gnolls (D:3)
  7 adders
  3 worms
  A dart slug (D:1)
  An orc (D:3)
  4 bats (D:1)
  5 endoplasms
  4 giant cockroaches
  5 goblins
  9 hobgoblins
  5 jackals
  5 quokkas
  9 ball pythons
  6 frilled lizards
  7 kobolds
  9 rats
111 creatures vanquished.

Notes
Turn   | Place    | Note
-------+----------+-------------------------------------------
     0 | D:1      | vurker the Felid Air Elementalist began the quest for the
                  | Orb.
     0 | D:1      | Reached XP level 1. HP: 7/7 MP: 4/4
    79 | D:1      | Reached skill level 1 in Conjurations
   498 | D:1      | Reached XP level 2. HP: 12/12 MP: 3/6
   713 | D:1      | Reached skill level 3 in Air Magic
  1203 | D:1      | Reached XP level 3. HP: 15/15 MP: 5/7
  1387 | D:2      | Reached skill level 1 in Fighting
  2224 | D:2      | Found a faded altar of an unknown god.
  2638 | D:3      | Reached XP level 4. HP: 19/19 MP: 2/9
  3258 | D:3      | Reached XP level 5. HP: 22/22 MP: 8/10
  4167 | D:4      | HP: 1/22 [adder (4)]
  4592 | D:4      | Noticed an ogre
  4608 | D:4      | Killed an ogre
  4609 | D:4      | Reached skill level 4 in Air Magic
  4609 | D:4      | Gained mutation: You are covered in thick fur. (AC +2)
                  | [Felid growth]
  4609 | D:4      | Reached XP level 6. HP: 26/26 MP: 5/12
  5104 | D:4      | Found Xarphos's Antique Weapon Shop.
  5197 | D:4      | Found Kyniups's Weapon Shoppe.
  5395 | D:4      | Found Laeryoll's Weapon Shoppe.
  5432 | D:4      | Found Vingigom's Antique Armour Emporium.
  5723 | D:5      | Entered Level 5 of the Dungeon
  5723 | D:5      | Noticed Dowan
  6552 | D:5      | Noticed Duvessa
  6755 | D:5      | Noticed Ijyb
  6755 | D:5      | Noticed Edmund
  6766 | D:5      | Killed Edmund
  6767 | D:5      | Reached XP level 7. HP: 9/30 MP: 7/14
  6767 | D:5      | Killed Ijyb
  6768 | D:5      | Reached skill level 5 in Air Magic
  7062 | D:5      | Learned a level 4 spell: Airstrike
  7116 | D:5      | Slain by Duvessa
  7117 | D:5      | Reached XP level 6. HP: -5/27 MP: 8/14
  7211 | D:5      | Noticed an ice beast
  7226 | D:5      | Killed an ice beast
  7227 | D:5      | Reached skill level 5 in Spellcasting
  7380 | D:5      | Reached XP level 7. HP: 11/31 MP: 7/15
  7641 | D:5      | Killed Duvessa
  7717 | D:5      | Killed Dowan
  8185 | D:6      | Noticed Prince Ribbit
  8185 | D:6      | Noticed a yak
  8185 | D:6      | Noticed a yak
  8185 | D:6      | Noticed a yak
  8185 | D:6      | Noticed a yak
  8185 | D:6      | Noticed a yak
  8185 | D:6      | Noticed a yak
  8200 | D:5      | Killed a yak
  8201 | D:5      | Reached skill level 6 in Air Magic
  8689 | D:6      | Slain by a yak
  8690 | D:6      | Reached XP level 6. HP: 0/28 MP: 8/15
  8690 | D:6      | Quit the game

Illustrated notes

Levels and vault maps discovered:
D:1:      lightli_arrival_lavapool, layout_loops_ring, st_stairs_10,
          minmay_tromino_v2
D:2:      layout_loops_corners, dreamdust_ecumenical_altar_hidden_monk_grotto
D:3:      layout_basic
D:4:      layout_loops_ring, serial_shops, shop, shop_fountains,
          nicolae_shop_bloodbath_and_beyond, nicolae_shop_advertising_works
          [nicolae_subvault_shop_adworks], minmay_starry_boxes
D:5:      layout_basic, minmay_misc_feat_ornament, uniq_ijyb, uniq_edmund,
          uniq_duvessa
D:6:      layout_gridville, minmay_temple_entry_from_below_a,
          uniq_blork_the_orc, uniq_maggie, uniq_prince_ribbit1

Skill      XL: |  1  2  3  4  5  6  7 |
---------------+----------------------+-----
Conjurations   | 1 2 3 |  3.0
Air Magic      | 3 4 6 |  6.1
Fighting       | 1 2 3 |  3.9
Spellcasting   | 3 5 |  5.8
Dodging        | |  2.6
Stealth        | |  2.6

Action                   |  1- 3 |  4- 6 |  7- 9 || total
-------------------------+-------+-------+-------++-------
Melee: Unarmed           |     6 |     6 |       ||    12
 Cast: Shock             |    94 |   204 |    86 ||   384
       Airstrike         |       |     3 |     2 ||     5
  Use: Potion            |       |     2 |       ||     2
Armor: Skin              |     1 |     3 |     3 ||     7
Dodge: Dodged            |     9 |    42 |    27 ||    78

Table legend: (Time is in decaauts)
 A = Elapsed time spent in this place.
 B = Non-inter-level travel time spent in this place.
 C = Inter-level travel time spent in this place.
 D = Time resting spent in this place.
 E = Time spent auto-exploring this place.
 F = Levels seen in this place.
 G = Mean time per level.
                   A        B        C        D        E       F      G
               +--------+--------+--------+--------+--------+-----+--------+
         Total |   7955 |   7747 |    208 |    284 |   6640 |   6 | 1325.8 |
       Dungeon |   7955 |   7747 |    208 |    284 |   6640 |   6 | 1325.8 |
               +--------+--------+--------+--------+--------+-----+--------+

Top non-repeatable levels by time:
     D:5: 2067 daAuts
     D:4: 1764 daAuts
     D:3: 1459 daAuts
     D:1: 1268 daAuts
     D:2: 1032 daAuts
     D:6: 362 daAuts
